 Dungeon Crawl Stone Soup version 0.20-a0-470-gbb038bd (webtiles) character file.

249 Colliwobble the Chopper (level 6, -2/51 HPs)
             Began as a Hill Orc Abyssal Knight on Jan 14, 2017.
             Was a Follower of Lugonu.
             Slain by an ogre
             ... wielding a +0 giant spiked club
              (30 damage)
             ... on level 3 of the Dungeon.
             The game lasted 00:06:46 (3131 turns).

Colliwobble the Chopper (Hill Orc Abyssal Knight)   Turns: 3131, Time: 00:06:47

Health: -2/51      AC:  4    Str: 17    XL:     6   Next: 12%
Magic:  9/9        EV: 11    Int: 12    God:    Lugonu [*.....]
Gold:   136        SH:  0    Dex: 10    Spells: 5/5 levels left

rFire  . . .     SeeInvis .     m - -2 hand axe (curse)
rCold  . . .     Gourm    .     n - +0 leather armour
rNeg   . . .     Faith    .     (no shield)
rPois  .         Spirit   .     q - +0 helmet
rElec  .         Reflect  .     (no cloak)
rCorr  .         Harm     .     (no gloves)
MR     +....                    (no boots)
Stlth  +.........               (no amulet)
                                (no ring)
                                e - ring of protection from magic

@: no status effects
A: no striking features
a: Depart the Abyss, Renounce Religion


You were on level 3 of the Dungeon.
You worshipped Lugonu.
Lugonu was aware of your devotion.
You were not hungry.

You visited 1 branch of the dungeon, and saw 3 of its levels.
You visited the Abyss 1 time.

You collected 136 gold pieces.

Inventory:

Hand Weapons
 a - a +1 hand axe
 b - a +0 hunting sling of freezing
 m - a cursed -2 hand axe (weapon)
Missiles
 o - 126 stones (quivered)
Armour
 n - a +0 leather armour (worn)
 q - a +0 helmet (worn)
Jewellery
 d - an uncursed amulet of the gourmand {unknown}
 e - a ring of protection from magic (left hand)
 w - an uncursed amulet of magic regeneration {unknown}
Scrolls
 f - a scroll of magic mapping {unknown}
 g - 2 scrolls of teleportation
 r - 2 scrolls of fear
 u - a scroll of amnesia {unknown}
Potions
 h - 3 potions of curing {unknown}
 i - a potion of resistance {unknown}
 j - a potion of brilliance {unknown}
 k - a potion of heal wounds {unknown}
 l - 2 potions of might {unknown}
 p - 2 potions of magic {unknown}
 s - 2 potions of degeneration {unknown}
Comestibles
 c - 6 bread rations
 t - 2 meat rations
 v - 6 chunks of flesh


   Skills:
 - Level 3.6 Fighting
 * Level 7.2 Axes
 - Level 2.1 Armour
 - Level 0.7 Dodging
 + Level 4.6 Invocations


You had 5 spell levels left.
You didn't know any spells.

Dungeon Overview and Level Annotations

Branches:
Dungeon (3/15)

Altars:
Dithmenos
Kikubaaqudgha
Uskayaw
Zin


Message History

The ogre is lightly wounded.
The ogre completely misses you.
You barely miss the ogre.
The ogre is lightly wounded.
The ogre hits you with a giant spiked club.
You hit the ogre.
The ogre is moderately wounded.
You hit the ogre but do no damage.
The ogre is moderately wounded.
The ogre closely misses you.
You hit the ogre but do no damage.
The ogre is moderately wounded.
The ogre hits you but does no damage.
You barely miss the ogre.
The ogre is moderately wounded.
You hit the ogre.
The ogre is heavily wounded.
The ogre hits you with a giant spiked club!!
Ouch! That really hurt!
You die...

#######..# #. #.....#
#####.
##.###.####..... ##
#...........##..
###.#
#..###.#######.. (...
#..# #.# #.. #.. #..#
#.# ##.#
#.O##..###.######..รท
#..@................
#..........######...
####..###### ##.#
#..# #.# #####..# #..
#......# ###
....##.## .#. ##.##
#..#...#########


You could see an ogre.

Vanquished Creatures
  An ogre (D:2)
  An orc priest (D:3)
  Ijyb (D:2)
  4 adders
  An ooze (D:1)
  4 leopard geckos
  An orc (D:3)
  5 giant cockroaches
  3 goblins
  7 hobgoblins
  6 jackals
  A quokka (D:2)
  5 bats
  2 frilled lizards
  9 kobolds
  12 rats
63 creatures vanquished.

Notes
Turn   | Place    | Note
-------+----------+-------------------------------------------
     0 | Abyss:1  | Colliwobble the Hill Orc Abyssal Knight began the quest for the Orb.
     0 | Abyss:1  | Reached XP level 1. HP: 19/19 MP: 2/2
    15 | Abyss:1  | Found a corrupted altar of Lugonu.
    72 | D:1      | Escaped the Abyss
   290 | D:1      | Reached * piety under Lugonu
   290 | D:1      | Reached skill level 3 in Axes
   370 | D:1      | Reached XP level 2. HP: 26/26 MP: 4/4
   827 | D:1      | Reached skill level 4 in Axes
   846 | D:1      | Reached XP level 3. HP: 27/31 MP: 5/5
  1214 | D:2      | Found an ancient bone altar of Kikubaaqudgha.
  1465 | D:2      | Found a hide-covered altar of Uskayaw.
  1508 | D:2      | Noticed Ijyb
  1572 | D:2      | Killed Ijyb
  1572 | D:2      | Reached skill level 5 in Axes
  1572 | D:2      | Reached XP level 4. HP: 24/39 MP: 6/6
  2284 | D:3      | Found a glowing silver altar of Zin.
  2372 | D:3      | Reached skill level 6 in Axes
  2372 | D:3      | Reached XP level 5. HP: 23/45 MP: 6/8
  2377 | D:3      | Noticed an ogre
  2571 | D:2      | Killed an ogre
  2789 | D:3      | Reached XP level 6. HP: 47/51 MP: 9/9
  2811 | D:3      | Reached skill level 7 in Axes
  2876 | D:3      | Found a shadowy altar of Dithmenos.
  3131 | D:3      | Slain by an ogre

Vault maps used:
D:1:      nicolae_arrival_somewhat_less_tricky_arrival, minmay_misc_feat_room,
          minivault_24, minmay_misc_feat_tiny, minmay_tetromino_i4
D:2:      overflow_temple_1_default, lemuel_tele_altar, uniq_iyjb
D:3:      minmay_diamond_boxcup, nicolae_dithmenos_shadow_blocks,
          nicolae_overflow_crystal_walls, first_bread, tgw_kikubaaqudgha
Abyss:1:  evilmike_abyss_exit_9

Skill      XL: |  1  2  3  4  5  6 |
---------------+-------------------+-----
Axes           | 3 4 5 6 7 |  7.2
Invocations    | 3 4 |  4.6
Fighting       | |  3.6
Armour         | |  2.1
Dodging        | |  0.7

Action                   |  1- 3 |  4- 6 || total
-------------------------+-------+-------++-------
Melee: Hand axe          |   116 |   106 ||   222
 Fire: Hunting sling     |       |    12 ||    12
Invok: Depart the Abyss  |     1 |       ||     1
  Use: Scroll            |       |     3 ||     3
  Eat: Chunk             |     2 |     5 ||     7
Armor: Leather armour    |    39 |    21 ||    60
Dodge: Dodged            |    70 |    58 ||   128
